 Dungeon Crawl Stone Soup version 0.30-a0-422-g946f4849ff (webtiles) character file.

Game seed: 14365353474697917980

243 funkygono the Firebug (level 5, 0/35 HPs)
             Began as a Demonspawn Fire Elementalist on Dec 8, 2022.
             Slain by Pikel
             ... wielding a +2 whip of freezing
              (4 damage)
             ... on level 4 of the Dungeon.
             The game lasted 00:07:40 (3839 turns).

funkygono the Firebug (DsFE)                        Turns: 3839, Time: 00:07:40

Health: 0/35       AC:  3    Str:  8    XL:     5   Next: 82%
Magic:  5/18       EV: 12    Int: 19    God:
Gold:   188        SH:  0    Dex: 13    Spells: 4/10 levels left

rFire   . . .      SeeInvis .    g - +1 whip
rCold   . . .      Faith    .    (no shield)
rNeg    . . .      Spirit   .    a - +0 robe
rPois   .          Reflect  .    (helmet restricted)
rElec   .          Harm     .    (no cloak)
rCorr   .          Rampage  .    h - +0 pair of gloves
Will    .....                    (no boots)
Stlth   ++........               (no amulet)
HPRegen 0.25/turn                n - ring of magical power
MPRegen 0.32/turn                (no ring)

@: no status effects
A: antennae 1, magic regeneration, demonic magic 2
a: no special abilities


You were on level 4 of the Dungeon.
You visited 1 branch of the dungeon, and saw 4 of its levels.

You collected 188 gold pieces.

Inventory:

Hand Weapons
 g - a +1 whip (weapon)
 q - a +4 quarterstaff
Armour
 a - a +0 robe (worn)
 h - a +0 pair of gloves (worn)
Magical Staves
 s - a staff of poison
Jewellery
 n - a ring of magical power (left hand)
Wands
 c - a wand of flame (20)
Scrolls
 e - a scroll of magic mapping
 j - a scroll of blinking {unknown}
 m - a scroll of vulnerability
Potions
 b - a potion of magic
 d - 3 potions of flight
 f - 5 potions of haste
 k - a potion of degeneration {unknown}
 l - a potion of mutation {unknown}


   Skills:
 + Level 0.1 Fighting
 + Level 1.9 Dodging
 - Level 1.7 Stealth
 + Level 3.3 Spellcasting
 + Level 2.6 Conjurations
 + Level 4.6 Fire Magic


You had 4 spell levels left.
You knew the following spells:

 Your Spells              Type           Power      Damage    Failure   Level
a - Foxfire               Conj/Fire      68%        2x1d7     3%          1
b - Scorch                Fire           40%        2d7       3%          2
c - Kindle Blastsparks    Fire/Tloc/Air  18%        2d11      24%         3

Your spell library contained the following spells:

 Spells                   Type           Power      Damage    Failure   Level
 Inner Flame              Hex/Fire       12%        N/A       17%         3
 Dazzling Flash           Conj/Hex       16%        N/A       26%         3
 Flame Wave               Conj/Fire      17%        2d7       32%         4
 Iskenderun's Mystic Bla  Conj/Tloc      8%         2d4       65%         4
 Starburst                Conj/Fire      8%         6d4       99%         6


Dungeon Overview and Level Annotations

Branches:
Dungeon (4/15)
 Temple: D:4-7

Altars:

Annotations:
D:4 Pikel


Innate Abilities, Weirdness & Mutations

You have a pair of small antennae on your head.
You regenerate magic rapidly.
Spells you cast may paralyse nearby enemies.


Message History

You don't know that spell.
Unknown command.
As you read the scroll of fear, it crumbles to dust.
You assume a fearsome visage.
Pikel easily resists.
The lemure looks frightened!
The foxfire hits Pikel but does no damage.
Pikel is moderately wounded.
The foxfire hits the lemure.
The lemure is moderately wounded.
Your attack snaps the lemure out of its fear.
Pikel hits you with a +2 whip of freezing.
* * * LOW HITPOINT WARNING * * *
Pikel freezes you.
* * * LOW HITPOINT WARNING * * *
The lemure misses you.
You feel better.
Pikel says, "Hell isn't that bad."
Pikel zaps a wand.
You resist with some effort. The lemure hits you.
* * * LOW HITPOINT WARNING * * *
Unknown command.
You feel better.
Pikel zaps a wand.
Your will is overpowered!
You are confused.
The lemure closely misses you.
Unknown command.
You're too confused to cast spells.
Sorry, you're not good enough to have a special ability.
You're too confused to cast spells.
Unknown command.
You're too confused to cast spells.
Sorry, you're not good enough to have a special ability.
You're too confused to cast spells.
Unknown command.
Unknown command.
You are too confused!
Unknown command.
You feel better.
Pikel hits you with a +2 whip of freezing!
* * * LOW HITPOINT WARNING * * *
Pikel freezes you.
You die...

#..####.#
##'####'####+##....##...
..).....................
........................
..).....................
............................
#....##......##............
#'#############.5K........
#.......... #.@.# #.5..
#....รท.... ##'####K5.##
+......... #....#5....#
#....##... #....#.....#
#....##########....#.....#
.....##......##....#.....#
...................#.....#
.............>.....'.....#
...................#.....#


You could see Pikel (combustible) and a lemure.

Vanquished Creatures
  2 lemures (D:4)
  A scorpion (D:3)
  2 orc priests (D:4)
  4 adders
  A white imp (D:3)
  An ufetubus (D:4)
  2 worms
  2 dart slugs (D:2)
  8 orcs
  2 ball pythons (D:1)
  7 endoplasms
  2 giant cockroaches (D:1)
  4 goblins
  6 hobgoblins
  2 quokkas (D:2)
  2 bats
  5 frilled lizards
  6 kobolds
  8 rats
67 creatures vanquished.

Vanquished Creatures (others)
  229 foxfires
  7 plants (D:1)
  13 withered plants (D:1)
249 creatures vanquished.

Grand Total: 316 creatures vanquished

Notes
Turn   | Place    | Note
-------+----------+-------------------------------------------
     0 | D:1      | funkygono the Demonspawn Fire Elementalist began the quest
                  | for the Orb.
     0 | D:1      | Reached XP level 1. HP: 13/13 MP: 3/3
   347 | D:1      | Reached skill level 3 in Fire Magic
   504 | D:1      | Gained mutation: Spells you cast may paralyse adjacent
                  | enemies. [demonic ancestry]
   504 | D:1      | Reached XP level 2. HP: 19/19 MP: 1/5
   507 | D:1      | Learned a level 2 spell: Scorch
   776 | D:1      | Found a faded altar of an unknown god.
  1684 | D:2      | Gained mutation: Spells you cast may paralyse nearby
                  | enemies. [demonic ancestry]
  1684 | D:2      | Reached XP level 3. HP: 24/24 MP: 3/6
  1688 | D:2      | Learned a level 3 spell: Kindle Blastsparks
  2725 | D:3      | Gained mutation: You have a pair of small antennae on your
                  | head. [demonic ancestry]
  2725 | D:3      | Reached XP level 4. HP: 28/30 MP: 8/8
  3125 | D:3      | Reached skill level 4 in Fire Magic
  3169 | D:3      | Noticed a scorpion
  3174 | D:3      | Killed a scorpion
  3175 | D:3      | Gained mutation: You regenerate magic rapidly. [demonic
                  | ancestry]
  3175 | D:3      | Reached XP level 5. HP: 35/35 MP: 9/9
  3565 | D:4      | Noticed a lemure
  3565 | D:4      | Noticed Pikel
  3566 | D:4      | Noticed a lemure
  3567 | D:4      | Noticed a lemure
  3585 | D:4      | Noticed a lemure
  3827 | D:4      | Killed a lemure
  3830 | D:4      | Killed a lemure
  3839 | D:4      | Slain by Pikel

Illustrated notes

Levels and vault maps discovered:
D:1:      kilobyte_arrival_exit_the_forest, layout_loops_ring,
          shapermc_ecumenical_altar_flowoftime, minmay_ruptured
D:2:      layout_basic, kennysheep_generic_room_11
D:3:      cheibrodos_helix_gallery, layout_rooms
D:4:      layout_gridville, chequers_garden, minmay_hedge_maze, uniq_pikel

Skill      XL: |  1  2  3  4  5 |
---------------+----------------+-----
Fire Magic     | 3 4 |  4.6
Conjurations   | 2 |  2.6
Spellcasting   | 3 |  3.3
Fighting       | |  0.1
Dodging        | |  1.9
Stealth        | |  1.7

Action                   |  1- 3 |  4- 6 || total
-------------------------+-------+-------++-------
Melee: Whip              |    48 |     2 ||    50
       Unarmed           |     1 |       ||     1
       Punch             |     1 |       ||     1
 Cast: Foxfire           |    74 |    56 ||   130
       Scorch            |     3 |    15 ||    18
  Use: Scroll            |     3 |    10 ||    13
       Potion            |       |     4 ||     4
 Stab: Paralysed         |     1 |       ||     1
Armor: Robe              |     2 |     4 ||     6
Dodge: Dodged            |    13 |    11 ||    24

Table legend: (Time is in decaauts)
 A = Elapsed time spent in this place.
 B = Non-inter-level travel time spent in this place.
 C = Inter-level travel time spent in this place.
 D = Time resting spent in this place.
 E = Time spent auto-exploring this place.
 F = Levels seen in this place.
 G = Mean time per level.
                   A        B        C        D        E       F      G
               +--------+--------+--------+--------+--------+-----+--------+
         Total |   3855 |   3747 |    108 |    267 |   2731 |   4 |  963.8 |
       Dungeon |   3855 |   3747 |    108 |    267 |   2731 |   4 |  963.8 |
               +--------+--------+--------+--------+--------+-----+--------+

Top non-repeatable levels by time:
     D:1: 1556 daAuts
     D:2: 1067 daAuts
     D:3: 947 daAuts
     D:4: 284 daAuts
